 Dungeon Crawl Stone Soup version 0.32-a0-485-g70f7560b1c (webtiles) character file.

Game seed: 13249515755683781369

476 ezpacito the Trooper (level 6, -4/52 HPs)
             Began as a Demonspawn Chaos Knight on Feb 26, 2024.
             Was a Plaything of Xom.
             Slain by a centaur
             ... wielding a +1 halberd of chaos
              (5 damage)
             ... on level 6 of the Dungeon.
             The game lasted 00:05:35 (4572 turns).

ezpacito the Trooper (Demonspawn Chaos Knight)      Turns: 4572, Time: 00:05:36

Health: -4/52      AC:  8    Str: 14    XL:     6   Next: 85%
Magic:  30/30      EV:  7    Int: 11    God:    Xom [......]
Gold:   392        SH:  0    Dex: 12    Spells: 4/9 levels left

rFire   . . .        v - +0 battleaxe (drain)
rCold   . . .        (shield currently unavailable)
rNeg    . . .        x - +0 chain mail
rPois   +            (helmet restricted)
rElec   .            (no cloak)
rCorr   .            (no gloves)
SInv    .            d - +0 pair of boots
Will    +....        s
                       - Hermit's Pendant {Faith Invo=14 Evo=0 MP+5} Stlth
                     p - ring of poison resistance
HPRegen 0.28/turn    g - ring of magical power
MPRegen 0.22/turn

%: faith
@: no status effects
A: antennae 1, yellow scales 1, icemail 1, condensation shield, deformed body,
dopey 1, strong-willed 1, robust 1, screaming 1, persistent drain
a: Renounce Religion


You were on level 6 of the Dungeon.
You worshipped Xom.
You were a very special plaything of Xom.
You visited 2 branches of the dungeon, and saw 7 of its levels.

You collected 392 gold pieces.

Inventory:

Hand Weapons
 a - a +0 hand axe of chaos
 v - a +0 battleaxe of draining (weapon)
Armour
 d - a +0 pair of boots (worn)
 x - a +0 chain mail (worn)
Magical Staves
 b - a staff of cold
Jewellery
 g - a ring of magical power (right hand)
 p - a ring of poison resistance (left hand)
 s - the Hermit's Pendant (around neck) {Faith Invo=14 Evo=0 MP+5}
   (You found it on level 4 of the Dungeon)

   [amulet of faith]

   Invo=14: It sets your Invocations skill to 14.
   Evo=0: It sets your Evocations skill to 0.
   Faith:     It allows you to gain divine favour quickly.
   MP+5:      It affects your magic capacity (+5).
Talismans
 i - a maw talisman
Wands
 u - a wand of mindburst (29)
Scrolls
 e - 2 scrolls of teleportation
Potions
 j - 5 potions of curing
 n - 3 potions of brilliance {unknown}
 o - 2 potions of cancellation {unknown}
 r - 2 potions of lignification {unknown}
 t - 2 potions of enlightenment {unknown}
 w - a potion of heal wounds {unknown}


   Skills:
 * Level 4.0 Fighting
 * Level 3.5(3.6) Axes
 + Level 1.0(2.4) Polearms
 * Level 3.0 Armour
 * Level 2.3 Dodging
 + Level 1.5 Stealth
 * Level 1.8 Unarmed Combat
 * Level 2.0 Spellcasting
 + Level 1.0 Hexes
 + Level 0.6 Ice Magic
 + Level 0.7(0.0) Evocations


You had 4 spell levels left.
You knew the following spells:

 Your Spells              Type           Power      Damage    Failure   Level
a - Ensorcelled Hibernat  Hex/Ice        6%         N/A       99%         2
b - Passwall              Erth           1%         N/A       100%        3

Your spell library contained the following spells:

 Spells                   Type           Power      Damage    Failure   Level
 Swiftness                Air            1%         N/A       100%        3


Dungeon Overview and Level Annotations

Branches:
Dungeon (6/15)             Temple (1/1) D:4

Altars:
Ashenzari
Cheibriados
Fedhas
Gozag
Hepliaklqana
Kikubaaqudgha
Makhleb
Okawaru
Qazlal
Ru
Sif Muna
Trog
Uskayaw
Vehumet
Xom
Yredelemnul
Beogh

Annotations:
Temple 2 transporters


Innate Abilities, Weirdness & Mutations

You have a pair of small antennae on your head.
You are partially covered in yellow scales. (AC +2)
A meltable icy envelope protects you from harm. (AC +0)
A meltable shield of frost defends you. (SH +0)
Armour fits poorly on your strangely shaped body.
You are dopey. (Int -2)
You are strong-willed. (Will+)
You are robust. (+10% HP)
You occasionally shout uncontrollably at your foes.
Your health recovers twice as slowly from being drained.


Message History

e - 2 scrolls of teleportation (gained 1)
You are too injured to fight recklessly!
Okay, then.
You sense a monster nearby.
You feel your willpower return.
A black bear is nearby!
A black bear is nearby!
You are too injured to fight recklessly!
You are too injured to fight recklessly!
You are too injured to fight recklessly!
The black bear bites you but does no damage.
The black bear claws you but does no damage. x2
The black bear bites you but does no damage.
The black bear claws you.
* * * LOW HITPOINT WARNING * * *
The black bear closely misses you.
You barely miss the black bear. The black bear bites you.
* * * LOW HITPOINT WARNING * * *
The black bear claws you but does no damage. x2
The black bear barely misses you. The black bear claws you.
* * * LOW HITPOINT WARNING * * *
The black bear claws you but does no damage.
You closely miss the black bear.
Xom's power touches on a nearby monster.
The gnoll evaporates and reforms as a centaur!
The centaur picks up a +1 halberd of chaos.
The centaur wields a +1 halberd of chaos.
It is briefly surrounded by a scintillating aura of random colours.
The black bear bites you but does no damage.
The black bear claws you but does no damage.
The black bear closely misses you.
You slash the black bear!
The black bear is heavily wounded.
The black bear bites you but does no damage.
The black bear claws you but does no damage.
The black bear claws you.
* * * LOW HITPOINT WARNING * * *
The centaur hits you from afar with a +1 halberd of chaos.
You die...
Xom snickers!

#######.# #. #.#
.##########.#.##
..........###.#### ...##.#
#.#.....## ### #..##.#
##........ ..#
#..##.###.......## #.#
#..##.##....###.# #.#
#....@......# #.# #.# ######
##.##h##...†###.# #.#
#..!b.####.##c###..))...####.#
#.....b.))##....####.##.#......#
.....bbS.)#..#......##.#####..#
..b.hogso##....###.##........#
#.bo..#b..#..#.# #.#######...#
#.$hW{#$.§##.#.# #.# #...#
#.b:#####§'..#.# #.#######..(#


You could see a black bear and a centaur.

Vanquished Creatures
  Edmund (D:5)
  A scorpion (D:6)
  A howler monkey (D:5)
  An orc priest (D:4)
  Jessica (D:3)
  An iguana (D:5)
  Robin (D:3)
  3 gnolls (D:6)
  3 adders
  2 ribbon worms (D:2)
  17 orcs
  6 ball pythons
  4 bats
  5 endoplasms
  5 giant cockroaches
  8 goblins
  8 hobgoblins
  4 jackals (D:2)
  11 kobolds
  A quokka (D:5)
  2 frilled lizards
  4 rats
90 creatures vanquished.

Notes
Turn   | Place    | Note
-------+----------+-------------------------------------------
     0 | D:1      | ezpacito the Demonspawn Chaos Knight began the quest for
                  | the Orb.
     0 | D:1      | Reached XP level 1. HP: 18/18 MP: 1/1
   166 | D:1      | XOM: silly message
   201 | D:1      | Reached skill level 1 in Dodging
   210 | D:1      | XOM: silly message
   242 | D:1      | Gained mutation: A meltable shield of frost defends you.
                  | (SH +0) [demonic ancestry]
   242 | D:1      | Reached XP level 2. HP: 18/24 MP: 2/2
   874 | D:2      | Gained mutation: You are partially covered in yellow
                  | scales. (AC +2) [demonic ancestry]
   874 | D:2      | Reached XP level 3. HP: 29/29 MP: 2/4
  1026 | D:2      | XOM: silly message
  1095 | D:2      | XOM: divination: detect items
  1245 | D:2      | XOM: silly message
  1271 | D:2      | Reached skill level 1 in Stealth
  1933 | D:2      | XOM: give mutations
  1933 | D:2      | Gained mutation: You are occasionally teleported next to
                  | monsters. [Xom's mischief]
  1933 | D:2      | Gained mutation: You are often teleported next to monsters.
                  | [Xom's mischief]
  1933 | D:2      | Gained mutation: You have an increased reservoir of magic.
                  | (+10% MP) [Xom's mischief]
  1933 | D:2      | Lost mutation: You have an increased reservoir of magic.
                  | (+10% MP) [Xom's mischief]
  2080 | D:3      | Gained mutation: A meltable icy envelope protects you from
                  | harm. (AC +0) [demonic ancestry]
  2080 | D:3      | Reached XP level 4. HP: 35/35 MP: 5/5
  2098 | D:3      | Reached skill level 1 in Spellcasting
  2142 | D:3      | Noticed Robin
  2153 | D:3      | Killed Robin
  2278 | D:3      | Noticed Jessica
  2282 | D:3      | Killed Jessica
  2283 | D:3      | Reached skill level 1 in Unarmed Combat
  2338 | D:3      | Learned a level 2 spell: Ensorcelled Hibernation
  2342 | D:3      | Learned a level 3 spell: Passwall
  2424 | D:3      | XOM: scenery: 2 doors open, 1 doors close
  2589 | D:4      | XOM: scenery: summon butterflies
  2631 | D:4      | Gained mutation: You have a pair of small antennae on your
                  | head. [demonic ancestry]
  2631 | D:4      | Reached XP level 5. HP: 41/41 MP: 6/6
  2755 | D:4      | Found a staircase to the Ecumenical Temple.
  2766 | Temple   | Found a transporter.
  2766 | Temple   | Found a transporter.
  2766 | Temple   | Found a transporter.
  2766 | Temple   | Found a transporter.
  2766 | Temple   | Entered the Ecumenical Temple
  2840 | D:4      | Found the Hermit's Pendant {Faith Invo=14 Evo=0 MP+5}
  2997 | D:4      | XOM: give mutation
  2997 | D:4      | Gained mutation: Your flesh is cold resistant. (rC+) [Xom's
                  | mischief]
  3093 | D:4      | Found a roughly hewn altar of Beogh.
  3098 | D:4      | XOM: scenery: create altars
  3391 | D:4      | XOM: divination: detect items
  3398 | D:4      | XOM: cloud trail
  3460 | D:4      | XOM: divination: magic mapping
  3522 | D:5      | Entered Level 5 of the Dungeon
  3584 | D:5      | XOM: potion effect (berserk rage)
  4025 | D:5      | XOM: silly message
  4085 | D:5      | XOM: give mutations
  4085 | D:5      | Gained mutation: You are dopey. (Int -2) [Xom's mischief]
  4085 | D:5      | Gained mutation: You are vulnerable to heat. (rF-) [Xom's
                  | mischief]
  4085 | D:5      | Gained mutation: Armour fits poorly on your strangely
                  | shaped body. [Xom's mischief]
  4094 | D:5      | Noticed Edmund
  4095 | D:5      | XOM: noise
  4096 | D:5      | Lost mutation: You are dopey. (Int -2) [potion of mutation]
  4096 | D:5      | Lost mutation: You are often teleported next to monsters.
                  | [potion of mutation]
  4096 | D:5      | Gained mutation: You are agile. (Dex +4, Str/Int -1)
                  | [potion of mutation]
  4096 | D:5      | Gained mutation: You are robust. (+10% HP) [potion of
                  | mutation]
  4099 | D:5      | Killed Edmund
  4100 | D:5      | Reached XP level 6. HP: 23/52 MP: 16/16
  4106 | D:5      | Lost mutation: You are occasionally teleported next to
                  | monsters. [potion of mutation]
  4106 | D:5      | Lost mutation: You are vulnerable to heat. (rF-) [potion of
                  | mutation]
  4106 | D:5      | Gained mutation: You occasionally lose the ability to read
                  | scrolls when taking damage. [potion of mutation]
  4106 | D:5      | Gained mutation: You have a somewhat thin skeletal
                  | structure. (Dex +2, Stealth+) [potion of mutation]
  4106 | D:5      | Gained mutation: Your muscles are strong. (Str +4, Int/Dex
                  | -1) [potion of mutation]
  4106 | D:5      | Gained mutation: You are very robust. (+20% HP) [potion of
                  | mutation]
  4107 | D:5      | Lost mutation: You have a somewhat thin skeletal structure.
                  | (Dex +2, Stealth+) [potion of mutation]
  4107 | D:5      | Lost mutation: Your flesh is cold resistant. (rC+) [potion
                  | of mutation]
  4107 | D:5      | Lost mutation: Your muscles are strong. (Str +4, Int/Dex
                  | -1) [potion of mutation]
  4107 | D:5      | Gained mutation: You occasionally shout uncontrollably at
                  | your foes. [potion of mutation]
  4108 | D:5      | Lost mutation: You occasionally lose the ability to read
                  | scrolls when taking damage. [potion of mutation]
  4108 | D:5      | Lost mutation: You occasionally shout uncontrollably at
                  | your foes. [potion of mutation]
  4108 | D:5      | Lost mutation: You are agile. (Dex +4, Str/Int -1) [potion
                  | of mutation]
  4108 | D:5      | Gained mutation: You have a pair of antennae on your head.
                  | [potion of mutation]
  4108 | D:5      | Gained mutation: You occasionally shout uncontrollably at
                  | your foes. [potion of mutation]
  4108 | D:5      | Gained mutation: Your muscles are strong. (Str +4, Int/Dex
                  | -1) [potion of mutation]
  4109 | D:5      | Lost mutation: You have a pair of antennae on your head.
                  | [potion of mutation]
  4109 | D:5      | Lost mutation: Your muscles are strong. (Str +4, Int/Dex
                  | -1) [potion of mutation]
  4109 | D:5      | Lost mutation: You are very robust. (+20% HP) [potion of
                  | mutation]
  4109 | D:5      | Gained mutation: You are dopey. (Int -2) [potion of
                  | mutation]
  4109 | D:5      | Gained mutation: Your health recovers twice as slowly from
                  | being drained. [potion of mutation]
  4109 | D:5      | Gained mutation: You are strong-willed. (Will+) [potion of
                  | mutation]
  4275 | D:6      | Noticed a water moccasin
  4275 | D:6      | XOM: 3-stop teleportation journey
  4276 | D:6      | XOM: enchant monster (good)
  4282 | D:6      | Reached skill level 1 in Hexes
  4286 | D:6      | XOM: enchant monster (bad)
  4288 | D:6      | Reached skill level 1 in Polearms
  4493 | D:6      | Reached skill level 4 in Fighting
  4545 | D:6      | XOM: chaos upgrade
  4570 | D:6      | HP: 2/52 [black bear (3)]
  4571 | D:6      | XOM: polymorph gnoll -> centaur
  4572 | D:6      | Slain by a centaur

Illustrated notes

Levels and vault maps discovered:
D:1:      moated_graveyard_arrival, layout_loops_corners, minmay_distorted
D:2:      layout_basic, grunt_ministairs_11
D:3:      layout_basic, uniq_robin, uniq_jessica
D:4:      layout_loops_ring, minmay_temple_entry_trees, serial_bayou_pond_c,
          kennysheep_orc_chapel
D:5:      layout_loops_ring, uniq_edmund
D:6:      layout_loops_ring, serial_shops, shop, grunt_potential
Temple:   hellmonk_temple_divided_pantheon

Skill      XL: |  1  2  3  4  5  6 |
---------------+-------------------+-----
Dodging        | 1 2 |  2.3
Armour         | 2 3 |  3.0
Stealth        | 1 |  1.5
Spellcasting   | 1 2 |  2.0
Axes           | 3 |  3.5
Unarmed Combat | 1 |  1.8
Hexes          | 1 |  1.0
Polearms       | 1 |  1.0
Fighting       | 4 |  4.0
Ice Magic      | |  0.6
Evocations     | |  0.7

Action                     |  1- 3 |  4- 6 || total
---------------------------+-------+-------++-------
  Melee: Hand axe          |   106 |   120 ||   226
         Battleaxe         |       |    20 ||    20
  Evoke: Wand              |       |     3 ||     3
    Use: Potion            |       |     6 ||     6
         Scroll            |       |    11 ||    11
   Stab: Confused          |       |     1 ||     1
 Armour: Leather armour    |    66 |    56 ||   122
         Chain mail        |       |    90 ||    90
  Dodge: Dodged            |    48 |    85 ||   133
  Block: Other             |     8 |    23 ||    31

Table legend: (Time is in decaauts)
 A = Elapsed time spent in this place.
 B = Non-inter-level travel time spent in this place.
 C = Inter-level travel time spent in this place.
 D = Time resting spent in this place.
 E = Time spent auto-exploring this place.
 F = Levels seen in this place.
 G = Mean time per level.
                   A        B        C        D        E       F      G
               +--------+--------+--------+--------+--------+-----+--------+
         Total |   4625 |   4502 |    123 |    183 |   3652 |   7 |  660.7 |
       Dungeon |   4623 |   4500 |    123 |    183 |   3652 |   6 |  770.5 |
        Temple |      1 |      1 |      0 |      0 |      0 |   1 |    1.0 |
               +--------+--------+--------+--------+--------+-----+--------+

Top non-repeatable levels by time:
     D:2: 1153 daAuts
     D:4: 944 daAuts
     D:1: 875 daAuts
     D:5: 761 daAuts
     D:3: 579 daAuts
     D:6: 309 daAuts
  Temple: 1 daAuts
